Panthers vs Sabres

Created - Wednesday, February 10, 2016 at 02:28

Goals
1 2 3 T
Panthers 1 0 0 1
Sabres 1 2 3 6
Shots
1 2 3 T
Panthers 12 7 7 26
Sabres 10 5 15 30

1st period

1. Panthers , Paul Byron 9 (Adam Larsson, Kevin Hayes) at 9:40
2. Sabres , Boyd Gordon 2 (Jack Skille, Nikita Zadorov) at 18:55

Penalties :
Sidney Crosby (Buf) for Tripping (Minor) at 0:35, Benoit Pouliot (Buf) for Holding (Minor) at 6:34

2nd period

3. Sabres , Dwight King 5 (Chris Higgins, Alex Pietrangelo) at 15:23
4. Sabres , Sidney Crosby 37 (Steven Stamkos, Benoit Pouliot) at 18:06 (PP)

Penalties :
Ryan Johansen (Fla) for Hooking (Minor) at 2:30, Jay Bouwmeester (Buf) for Tripping (Minor) at 4:17, Ron Hainsey (Fla) for Cross-checking (Minor) at 16:14

3rd period

5. Sabres , Ryan Kesler 20 (David Perron, Gustav Nyquist) at 6:43 (PP)
6. Sabres , Alex Pietrangelo 12 (Benoit Pouliot, David Perron) at 14:56
7. Sabres , Gustav Nyquist 19 (Sidney Crosby, Rasmus Ristolainen) at 15:31

Penalties :
Simon Despres (Fla) for Hooking (Minor) at 3:03, Charlie Coyle (Fla) for Slashing (Minor) at 6:31, Steven Stamkos (Buf) for Hooking (Minor) at 7:23, Robert Bortuzzo (Fla) for Hooking (Minor) at 9:50, Kevin Poulin (Fla) for Delaying the game (Minor) at 10:53 - Paul Byron served the penalty, Matt Bartkowski (Buf) for Fighting (Major) at 18:37, Robert Bortuzzo (Fla) for Fighting (Major) at 18:37

Goalie Stats

Kevin Poulin (Fla), 24 saves from 30 shots - (0.800), L, 8-31-0, 60:00 minutes
Ondrej Pavelec (Buf), 25 saves from 26 shots - (0.962), W, 24-10-3, 60:00 minutes

Players Stats for Panthers

Player Name              G  A  P  +/- PIM S  H  SB GA TA FO     MP     PP MP  PK MP  
------------------------------------------------------------------------------------
Adam Larsson             0  1  1  -2  0   2  2  5  0  1  0/0    14:48   0:00   0:00 
Alex Galchenyuk          0  0  0   0  0   3  1  0  2  0  0/1    17:57   3:50   0:00 
Brad Boyes               0  0  0  -2  0   5  1  0  4  0  1/1    20:31   4:15   2:16 
Calle Jarnkrok           0  0  0   0  0   0  0  0  0  1  0/1    13:00   0:00   0:00 
Calvin de Haan           0  0  0  -1  0   1  0  2  0  3  0/0    17:50   3:30   4:37 
Carlo Colaiacovo         0  0  0   0  0   0  0  0  0  0  0/0     1:06   0:00   0:29 
Charlie Coyle            0  0  0  -2  2   1  1  0  0  2  7/18   18:54   3:36   0:34 
Curtis Lazar             0  0  0   0  0   1  0  0  1  0  1/4     7:30   0:00   0:00 
Jakob Silfverberg        0  0  0  -2  0   3  0  0  2  0  0/0    12:47   0:00   0:00 
Jesper Fast              0  0  0  -1  0   0  0  0  0  1  0/0     8:38   0:00   0:00 
Kevin Hayes              0  1  1  -1  0   1  0  1  1  1  6/21   19:24   3:29   6:02 
Lubomir Visnovsky        0  0  0  -2  0   1  1  0  0  1  0/0    14:48   0:00   0:00 
Paul Byron               1  0  1  -1  0   3  0  0  1  1  0/1    18:58   3:29   5:23 
Robert Bortuzzo          0  0  0  -1  7   0  3  1  0  1  0/0    23:05   4:14   5:05 
Ron Hainsey              0  0  0   0  2   0  1  4  0  3  0/0    25:58   4:14   4:43 
Ryan Johansen            0  0  0   0  2   4  1  0  0  2  9/13   22:27   4:08   0:34 
Sean Bergenheim          0  0  0   0  0   0  0  0  0  0  0/1     9:42   0:25   1:52 
Simon Despres            0  0  0   0  2   1  3  1  1  0  0/0    22:31   3:30   2:57 

Players Stats for Sabres

Player Name              G  A  P  +/- PIM S  H  SB GA TA FO     MP     PP MP  PK MP  
------------------------------------------------------------------------------------
Alex Pietrangelo         1  1  2   1  0   3  1  1  1  1  0/0    25:47   3:59   2:42 
Benoit Pouliot           0  2  2   1  2   1  0  1  2  1  0/0    16:29   4:19   0:00 
Boyd Gordon              1  0  1   1  0   3  0  1  0  1  2/5    10:25   0:00   3:44 
Brooks Orpik             0  0  0   1  0   1  2  4  0  1  0/0    19:10   0:00   2:53 
Chris Higgins            0  1  1   1  0   4  2  0  6  1  0/2    12:40   0:00   3:44 
David Perron             0  2  2   1  0   2  0  0  2  0  0/0    15:58   4:33   0:00 
Dwight King              1  0  1   1  0   5  0  0  3  0  0/0    14:33   0:00   3:48 
Gustav Nyquist           1  1  2   0  0   4  0  1  2  1  0/0    18:33   4:33   0:00 
Jack Skille              0  1  1   1  0   0  2  0  0  0  0/1     6:41   0:00   0:00 
Jay Bouwmeester          0  0  0   0  2   0  1  1  0  0  0/0    24:19   4:52   3:15 
Matt Bartkowski          0  0  0   2  5   0  1  1  0  0  0/0    14:28   0:00   3:26 
Nikita Zadorov           0  1  1   2  0   1  3  4  0  1  0/0    16:54   3:59   1:36 
Rasmus Ristolainen       0  1  1   0  0   0  1  2  0  0  0/0    19:44   4:53   1:36 
Ryan Kesler              1  0  1   1  0   4  2  0  4  1  12/16  15:58   4:33   0:00 
Sidney Crosby            1  1  2   0  2   2  1  0  5  0  10/19  19:38   4:19   0:12 
Steven Stamkos           0  1  1   0  2   0  3  0  1  1  1/2    19:28   4:19   0:12 
Trevor Gillies           0  0  0   1  0   0  2  0  0  0  0/0     6:41   0:00   0:00 
Vernon Fiddler           0  0  0   1  0   0  1  1  0  0  12/16  14:33   0:00   3:48 

3 Stars

1 - Alex Pietrangelo (Buf)
2 - Ondrej Pavelec (Buf)
3 - Nikita Zadorov (Buf)

Power Play

Panthers - 0 on 4 Attempt(s) - 0.00%
Sabres - 2 on 6 Attempt(s) - 33.33%

Penalty Kill

Panthers - 4 on 6 Attempt(s) - 66.67% - Score 0 goal in Penalty Kill
Sabres - 4 on 4 Attempt(s) - 100.00% - Score 0 goal in Penalty Kill

Team Stat

Panthers - Hits : 14 - Faceoff Wins : 24 - Blocked Shots : 14 - Penalty Minutes : 15
Sabres - Hits : 22 - Faceoff Wins : 37 - Blocked Shots : 17 - Penalty Minutes : 13

Official

Referees : Unknown
Linesman : Unknown

Game Notes

Matt Bartkowski beats up Robert Bortuzzo at 18:37 of 3rd period

Finance

Level 1 -- Attendance: 5816 (96.93%) -- Ticket Income $412,936
Level 2 -- Attendance: 4937 (98.74%) -- Ticket Income $236,976
Level 3 -- Attendance: 2000 (100.00%) -- Ticket Income $60,000
Level 4 -- Attendance: 3684 (92.10%) -- Ticket Income $62,628
Luxury Box -- Attendance: 1000 (100.00%) -- Ticket Income $175,000
Game was played at the HSBC Arena.
Total Attendance: 17437 (96.87%)
Total Ticket Income: $947,540
Other Income: $464,295
Total Income: $1,411,835

Panthers

5 vs 5 Forward 
   Center                   Left Wing                Right Wing               Time % Phy DF OF 
 1 Ryan Johansen            Alex Galchenyuk          Calle Jarnkrok           35     1   2  2  
 2 Charlie Coyle            Jakob Silfverberg        Brad Boyes               30     1   2  2  
 3 Kevin Hayes              Paul Byron               Jesper Fast              22     1   2  2  
 4 Curtis Lazar             Sean Bergenheim          Ryan Johansen            13     1   2  2  

5 vs 5 Defense 
   Defense                  Defense                                           Time % Phy DF OF 
 1 Simon Despres            Ron Hainsey                                       35     1   2  2  
 2 Adam Larsson             Lubomir Visnovsky                                 30     1   2  2  
 3 Calvin de Haan           Robert Bortuzzo                                   22     1   2  2  
 4 Simon Despres            Ron Hainsey                                       13     1   2  2  

PowerPlay Forward 
   Center                   Left Wing                Right Wing               Time % Phy DF OF 
 1 Kevin Hayes              Ryan Johansen            Alex Galchenyuk          60     1   2  2  
 2 Charlie Coyle            Paul Byron               Brad Boyes               40     1   2  2  

PowerPlay Defense
   Defense                  Defense                                           Time % Phy DF OF 
 1 Robert Bortuzzo          Ron Hainsey                                       60     1   2  2  
 2 Simon Despres            Calvin de Haan                                    40     1   2  2  

Penalty Kill 4 Players Forward 
   Center                   Wing                     Time % Phy DF OF 
 1 Kevin Hayes              Paul Byron               60     1   2  2  
 2 Ryan Johansen            Charlie Coyle            40     1   2  2  

Penalty Kill 4 Players Defense
   Defense                  Defense                  Time % Phy DF OF 
 1 Calvin de Haan           Ron Hainsey              60     1   2  2  
 2 Simon Despres            Robert Bortuzzo          40     1   2  2  

Penalty Kill - 3 Players Forward 
   Forward                                           Time % Phy DF OF 
 1 Kevin Hayes                                       60     1   2  2  
 2 Charlie Coyle                                     40     1   2  2  

Penalty Kill - 3 Players Defense
   Defense                  Defense                  Time % Phy DF OF 
 1 Calvin de Haan           Ron Hainsey              60     1   2  2  
 2 Simon Despres            Robert Bortuzzo          40     1   2  2  

4 vs 4 Forward 
   Center                   Wing                     Time % Phy DF OF 
 1 Paul Byron               Kevin Hayes              60     1   2  2  
 2 Ryan Johansen            Charlie Coyle            40     1   2  2  

4 vs 4 Defense
   Defense                  Defense                  Time % Phy DF OF 
 1 Robert Bortuzzo          Ron Hainsey              60     1   2  2  
 2 Simon Despres            Calvin de Haan           40     1   2  2  

Last Minutes Offensive
   Center                   Left Wing                Right Wing               Defense                  Defense                  
   Ryan Johansen            Alex Galchenyuk          Calle Jarnkrok           Simon Despres            Ron Hainsey              

Last Minutes Defensive
   Center                   Left Wing                Right Wing               Defense                  Defense                  
   Ryan Johansen            Alex Galchenyuk          Calle Jarnkrok           Simon Despres            Ron Hainsey              

Goaltenders
Starting : Kevin Poulin             
Backup : Michael Hutchinson       

Extra Forwards
Normal : Charlie Coyle, Kevin Hayes, Paul Byron - PP : Paul Byron, Kevin Hayes - PK : Paul Byron
Extra Defensemen
Normal : Simon Despres, Robert Bortuzzo, Ron Hainsey - PP : Ron Hainsey - PK : Robert Bortuzzo, Ron Hainsey
Penalty Shots
Kevin Hayes, Paul Byron, Calle Jarnkrok, Charlie Coyle, Ryan Johansen

Sabres

5 vs 5 Forward 
   Center                   Left Wing                Right Wing               Time % Phy DF OF 
 1 Sidney Crosby            Gustav Nyquist           Steven Stamkos           35     0   2  3  
 2 Ryan Kesler              Benoit Pouliot           David Perron             33     0   2  3  
 3 Vernon Fiddler           Chris Higgins            Dwight King              20     1   2  2  
 4 Boyd Gordon              Trevor Gillies           Jack Skille              12     2   3  0  

5 vs 5 Defense 
   Defense                  Defense                                           Time % Phy DF OF 
 1 Alex Pietrangelo         Brooks Orpik                                      35     1   2  2  
 2 Jay Bouwmeester          Rasmus Ristolainen                                30     1   3  1  
 3 Nikita Zadorov           Matt Bartkowski                                   25     3   2  0  
 4 Alex Pietrangelo         Jay Bouwmeester                                   10     0   2  3  

PowerPlay Forward 
   Center                   Left Wing                Right Wing               Time % Phy DF OF 
 1 Sidney Crosby            Benoit Pouliot           Steven Stamkos           57     0   0  5  
 2 Ryan Kesler              Gustav Nyquist           David Perron             43     0   1  4  

PowerPlay Defense
   Defense                  Defense                                           Time % Phy DF OF 
 1 Jay Bouwmeester          Rasmus Ristolainen                                57     0   1  4  
 2 Nikita Zadorov           Alex Pietrangelo                                  43     1   1  3  

Penalty Kill 4 Players Forward 
   Center                   Wing                     Time % Phy DF OF 
 1 Boyd Gordon              Chris Higgins            50     2   3  0  
 2 Vernon Fiddler           Dwight King              50     1   4  0  

Penalty Kill 4 Players Defense
   Defense                  Defense                  Time % Phy DF OF 
 1 Alex Pietrangelo         Brooks Orpik             50     1   3  1  
 2 Jay Bouwmeester          Matt Bartkowski          50     2   3  0  

Penalty Kill - 3 Players Forward 
   Forward                                           Time % Phy DF OF 
 1 Boyd Gordon                                       50     1   4  0  
 2 Vernon Fiddler                                    50     1   4  0  

Penalty Kill - 3 Players Defense
   Defense                  Defense                  Time % Phy DF OF 
 1 Alex Pietrangelo         Brooks Orpik             50     2   2  1  
 2 Jay Bouwmeester          Matt Bartkowski          50     2   2  1  

4 vs 4 Forward 
   Center                   Wing                     Time % Phy DF OF 
 1 Sidney Crosby            Steven Stamkos           57     0   2  3  
 2 Ryan Kesler              Gustav Nyquist           43     1   2  2  

4 vs 4 Defense
   Defense                  Defense                  Time % Phy DF OF 
 1 Jay Bouwmeester          Rasmus Ristolainen       57     1   2  2  
 2 Nikita Zadorov           Alex Pietrangelo         43     1   2  2  

Last Minutes Offensive
   Center                   Left Wing                Right Wing               Defense                  Defense                  
   Sidney Crosby            Gustav Nyquist           Steven Stamkos           Alex Pietrangelo         Rasmus Ristolainen       

Last Minutes Defensive
   Center                   Left Wing                Right Wing               Defense                  Defense                  
   Ryan Kesler              Chris Higgins            Dwight King              Alex Pietrangelo         Brooks Orpik             

Goaltenders
Starting : Ondrej Pavelec           
Backup : Petr Mrazek              

Extra Forwards
Normal : Benoit Pouliot, Dwight King, Chris Higgins - PP : Chris Higgins, Dwight King - PK : Ryan Kesler
Extra Defensemen
Normal : Rasmus Ristolainen, Nikita Zadorov, Matt Bartkowski - PP : Nikita Zadorov - PK : Nikita Zadorov, Rasmus Ristolainen
Penalty Shots
Sidney Crosby, Gustav Nyquist, Chris Higgins, Benoit Pouliot, David Perron

% Time on Ice - Panthers

Lines # - Real PCT - Wanted PCT - Time Play
Normal Forward
1 - 31% - 35% - 13:31
2 - 32% - 30% - 14:00
3 - 20% - 22% - 8:38
4 - 16% - 13% - 7:03
Normal Defense
1 - 33% - 35% - 14:23
2 - 39% - 30% - 16:39
3 - 22% - 22% - 9:43
4 - 6% - 13% - 2:27
PP Forward
1 - 53% - 60% - 4:08
2 - 47% - 40% - 3:36
PP Defense
1 - 55% - 60% - 4:14
2 - 45% - 40% - 3:30
PK Forward
1 - 93% - 60% - 7:22
2 - 7% - 40% - 0:34
PK Defense
1 - 58% - 60% - 4:37
2 - 42% - 40% - 3:19
PK3 Forward
1 - 100% - 60% - 0:56
2 - 0% - 40% - 0:00
PK3 Defense
1 - 0% - 60% - 0:00
2 - 100% - 40% - 0:56
44 Forward
1 - 100% - 60% - 0:12
2 - 0% - 40% - 0:00
44 Defense
1 - 100% - 60% - 0:12
2 - 0% - 40% - 0:00
Last Minute Offensive  - 0:00
Last Minute Defensive  - 0:00
Total
Forward - 60:00
Defense - 60:00

% Time on Ice - Sabres

Lines # - Real PCT - Wanted PCT - Time Play
Normal Forward
1 - 33% - 35% - 14:21
2 - 31% - 33% - 13:14
3 - 21% - 20% - 8:56
4 - 15% - 12% - 6:41
Normal Defense
1 - 38% - 35% - 16:26
2 - 31% - 30% - 13:15
3 - 25% - 25% - 10:50
4 - 6% - 10% - 2:41
PP Forward
1 - 49% - 57% - 4:19
2 - 51% - 43% - 4:33
PP Defense
1 - 55% - 57% - 4:53
2 - 45% - 43% - 3:59
PK Forward
1 - 51% - 50% - 3:56
2 - 49% - 50% - 3:48
PK Defense
1 - 56% - 50% - 4:18
2 - 44% - 50% - 3:26
PK3 Forward
1 - 0% - 50%
2 - 0% - 50%
PK3 Defense
1 - 0% - 50%
2 - 0% - 50%
44 Forward
1 - 100% - 57% - 0:12
2 - 0% - 43% - 0:00
44 Defense
1 - 100% - 57% - 0:12
2 - 0% - 43% - 0:00
Last Minute Offensive  - 0:00
Last Minute Defensive  - 0:00
Total
Forward - 60:00
Defense - 60:00

Play by Play

1st period


0:01 of 1st period - Sidney Crosby wins face-off versus Ryan Johansen in neutral zone.
0:35 of 1st period - Minor Penalty to Sidney Crosby for Tripping.
0:36 of 1st period - Boyd Gordon wins face-off versus Charlie Coyle in Sabres zone.
0:36 of 1st period - Boyd Gordon is hit by Robert Bortuzzo.
1:47 of 1st period - Snap shot by Alex Galchenyuk.
1:47 of 1st period - Deflect By Ryan Johansen.
1:47 of 1st period - Shot Misses the Net.
1:47 of 1st period - Puck is out of play.
1:48 of 1st period - Vernon Fiddler wins face-off versus Kevin Hayes in Sabres zone.
1:59 of 1st period - Wrist shot by Ryan Johansen.
1:59 of 1st period - Shot Misses the Net.
2:01 of 1st period - Snap shot by Alex Galchenyuk.
2:01 of 1st period - Shot Blocked by Brooks Orpik.
2:03 of 1st period - Snap shot by Ryan Johansen.
2:03 of 1st period - Shot Misses the Net.
2:19 of 1st period - Snap shot by Charlie Coyle.
2:19 of 1st period - Shot Blocked by Brooks Orpik.
2:21 of 1st period - Wrist shot by Simon Despres.
2:21 of 1st period - Shot Blocked by Brooks Orpik.
2:23 of 1st period - Wrist shot by Charlie Coyle.
2:23 of 1st period - Shot Blocked by Brooks Orpik.
2:25 of 1st period - Slapshot by Calvin de Haan.
2:25 of 1st period - Deflect By Brad Boyes.
2:25 of 1st period - Stopped by Ondrej Pavelec with a rebound.
2:27 of 1st period - Slapshot by Calvin de Haan.
2:27 of 1st period - Deflect By Alex Pietrangelo.
2:27 of 1st period - Stopped by Ondrej Pavelec without a rebound.
2:28 of 1st period - Vernon Fiddler wins face-off versus Charlie Coyle in Sabres zone.
2:35 of 1st period - Penalty to Sidney Crosby is over, Sidney Crosby is back on ice.
3:43 of 1st period - Paul Byron is hit by Nikita Zadorov and loses puck.
4:08 of 1st period - Wrist shot by Sidney Crosby.
4:08 of 1st period - Shot Misses the Net.
4:11 of 1st period - Icing by Jakob Silfverberg.
4:12 of 1st period - Charlie Coyle wins face-off versus Sidney Crosby in Panthers zone.
4:35 of 1st period - Snap shot by Alex Galchenyuk.
4:35 of 1st period - Shot Blocked by Gustav Nyquist.
5:05 of 1st period - Slapshot by Robert Bortuzzo.
5:05 of 1st period - Shot Blocked by Jay Bouwmeester.
5:11 of 1st period - Jesper Fast is hit by Jack Skille and loses puck.
5:37 of 1st period - Wrist shot by Dwight King.
5:37 of 1st period - Shot Misses the Net.
5:39 of 1st period - Snap shot by Chris Higgins.
5:39 of 1st period - Stopped by Kevin Poulin without a rebound.
5:40 of 1st period - Vernon Fiddler wins face-off versus Charlie Coyle in Panthers zone.
5:53 of 1st period - Snap shot by Chris Higgins.
5:53 of 1st period - Stopped by Kevin Poulin with a rebound.
5:57 of 1st period - Snap shot by Dwight King.
5:57 of 1st period - Stopped by Kevin Poulin with a rebound.
6:01 of 1st period - Wrist shot by Dwight King.
6:01 of 1st period - Stopped by Kevin Poulin without a rebound.
6:02 of 1st period - Ryan Kesler wins face-off versus Calle Jarnkrok in Panthers zone.
6:34 of 1st period - Minor Penalty to Benoit Pouliot for Holding.
6:35 of 1st period - Vernon Fiddler wins face-off versus Ryan Johansen in Sabres zone.
7:22 of 1st period - Boyd Gordon is hit by Robert Bortuzzo and loses puck.
7:45 of 1st period - Icing by Ryan Johansen.
7:46 of 1st period - Kevin Hayes wins face-off versus Boyd Gordon in Panthers zone.
7:46 of 1st period - Kevin Hayes is hit by Brooks Orpik.
7:52 of 1st period - Alex Pietrangelo is hit by Alex Galchenyuk.
7:58 of 1st period - Slapshot by Alex Pietrangelo.
7:58 of 1st period - Stopped by Kevin Poulin with a rebound.
8:34 of 1st period - Penalty to Benoit Pouliot is over, Benoit Pouliot is back on ice.
8:52 of 1st period - Robert Bortuzzo is hit by Brooks Orpik and loses puck.
9:09 of 1st period - Jay Bouwmeester is hit by Ryan Johansen and loses puck.
9:38 of 1st period - Snap shot by Paul Byron.
9:38 of 1st period - Stopped by Ondrej Pavelec with a rebound.
9:40 of 1st period - Snap shot by Adam Larsson.
9:40 of 1st period - Deflect By Paul Byron.
9:40 of 1st period - Deflect By Rasmus Ristolainen.
9:40 of 1st period - Goal by Paul Byron - Panthers : 1 - Sabres : 0.
9:41 of 1st period - Ryan Johansen wins face-off versus Ryan Kesler in neutral zone.
10:15 of 1st period - Wrist shot by Benoit Pouliot.
10:15 of 1st period - Deflect By David Perron.
10:15 of 1st period - Stopped by Kevin Poulin with a rebound.
11:01 of 1st period - Snap shot by Sean Bergenheim.
11:01 of 1st period - Shot Misses the Net.
11:33 of 1st period - Slapshot by Ryan Johansen.
11:33 of 1st period - Stopped by Ondrej Pavelec without a rebound.
11:34 of 1st period - Ryan Johansen wins face-off versus Sidney Crosby in Sabres zone.
12:17 of 1st period - Slapshot by Jakob Silfverberg.
12:17 of 1st period - Stopped by Ondrej Pavelec without a rebound.
12:18 of 1st period - Charlie Coyle wins face-off versus Vernon Fiddler in Sabres zone.
12:31 of 1st period - Slapshot by Dwight King.
12:31 of 1st period - Stopped by Kevin Poulin without a rebound.
12:32 of 1st period - Ryan Johansen wins face-off versus Vernon Fiddler in Panthers zone.
12:43 of 1st period - Wrist shot by Ryan Johansen.
12:43 of 1st period - Stopped by Ondrej Pavelec with a rebound.
13:03 of 1st period - Slapshot by Lubomir Visnovsky.
13:03 of 1st period - Shot Misses the Net.
13:28 of 1st period - Paul Byron is hit by Jack Skille and loses puck.
14:28 of 1st period - Calle Jarnkrok is hit by Nikita Zadorov and loses puck.
14:45 of 1st period - Wrist shot by Curtis Lazar.
14:45 of 1st period - Stopped by Ondrej Pavelec without a rebound.
14:46 of 1st period - Vernon Fiddler wins face-off versus Curtis Lazar in Sabres zone.
15:34 of 1st period - Backhand shot by Alex Galchenyuk.
15:34 of 1st period - Stopped by Ondrej Pavelec without a rebound.
15:35 of 1st period - Ryan Kesler wins face-off versus Ryan Johansen in Sabres zone.
15:47 of 1st period - Snap shot by David Perron.
15:47 of 1st period - Shot Blocked by Adam Larsson.
15:49 of 1st period - Snap shot by Ryan Kesler.
15:49 of 1st period - Shot Blocked by Adam Larsson.
15:51 of 1st period - Snap shot by Ryan Kesler.
15:51 of 1st period - Stopped by Kevin Poulin without a rebound.
15:52 of 1st period - Sidney Crosby wins face-off versus Kevin Hayes in Panthers zone.
16:03 of 1st period - Slapshot by Lubomir Visnovsky.
16:03 of 1st period - Stopped by Ondrej Pavelec without a rebound.
16:04 of 1st period - Sidney Crosby wins face-off versus Kevin Hayes in Sabres zone.
17:08 of 1st period - Snap shot by Jakob Silfverberg.
17:08 of 1st period - Stopped by Ondrej Pavelec with a rebound.
17:21 of 1st period - Adam Larsson is hit by Vernon Fiddler and loses puck.
18:33 of 1st period - Slapshot by Calvin de Haan.
18:33 of 1st period - Shot Blocked by Nikita Zadorov.
18:35 of 1st period - Slapshot by Calvin de Haan.
18:35 of 1st period - Shot Blocked by Boyd Gordon.
18:55 of 1st period - Slapshot by Boyd Gordon.
18:55 of 1st period - Goal by Boyd Gordon - Panthers : 1 - Sabres : 1.
18:56 of 1st period - Ryan Johansen wins face-off versus Sidney Crosby in neutral zone.
19:41 of 1st period - Icing by Ryan Johansen.
19:42 of 1st period - Vernon Fiddler wins face-off versus Charlie Coyle in Panthers zone.
19:49 of 1st period - Snap shot by Chris Higgins.
19:49 of 1st period - Stopped by Kevin Poulin without a rebound.
19:50 of 1st period - Vernon Fiddler wins face-off versus Charlie Coyle in Panthers zone.
19:57 of 1st period - Slapshot by Brad Boyes.
19:57 of 1st period - Stopped by Ondrej Pavelec with a rebound.
Goals for this period are 1 for Panthers vs 1 for Sabres.
Shots for this period are 12 for Panthers vs 10 for Sabres.

2nd period


0:01 of 2nd period - Ryan Johansen wins face-off versus Sidney Crosby in neutral zone.
0:08 of 2nd period - Snap shot by Alex Galchenyuk.
0:08 of 2nd period - Stopped by Ondrej Pavelec with a rebound.
0:52 of 2nd period - Alex Pietrangelo is hit by Charlie Coyle and loses puck.
1:24 of 2nd period - Jakob Silfverberg is hit by Ryan Kesler and loses puck.
2:22 of 2nd period - Wrist shot by Curtis Lazar.
2:22 of 2nd period - Shot Blocked by Nikita Zadorov.
2:24 of 2nd period - Slapshot by Adam Larsson.
2:24 of 2nd period - Stopped by Ondrej Pavelec with a rebound.
2:26 of 2nd period - Snap shot by Ryan Johansen.
2:26 of 2nd period - Shot Blocked by Matt Bartkowski.
2:28 of 2nd period - Slapshot by Adam Larsson.
2:28 of 2nd period - Shot Blocked by Nikita Zadorov.
2:30 of 2nd period - Slapshot by Lubomir Visnovsky.
2:30 of 2nd period - Deflect By Ryan Johansen.
2:30 of 2nd period - Stopped by Ondrej Pavelec without a rebound.
2:30 of 2nd period - Minor Penalty to Ryan Johansen for Hooking.
2:31 of 2nd period - Sidney Crosby wins face-off versus Kevin Hayes in Panthers zone.
2:36 of 2nd period - Snap shot by Sidney Crosby.
2:36 of 2nd period - Shot Blocked by Calvin de Haan.
3:17 of 2nd period - Wrist shot by Gustav Nyquist.
3:17 of 2nd period - Stopped by Kevin Poulin with a rebound.
3:19 of 2nd period - Slapshot by Rasmus Ristolainen.
3:19 of 2nd period - Deflect By Gustav Nyquist.
3:19 of 2nd period - Shot Blocked by Calvin de Haan.
3:19 of 2nd period - Puck is out of play.
3:20 of 2nd period - Kevin Hayes wins face-off versus Ryan Kesler in Panthers zone.
3:31 of 2nd period - Gustav Nyquist is hit by Simon Despres and loses puck.
3:40 of 2nd period - Backhand shot by Kevin Hayes.
3:40 of 2nd period - Shot Misses the Net.
3:42 of 2nd period - Snap shot by Paul Byron.
3:42 of 2nd period - Shot Misses the Net.
4:09 of 2nd period - Sidney Crosby is hit by Simon Despres and loses puck.
4:17 of 2nd period - Minor Penalty to Jay Bouwmeester for Tripping.
4:18 of 2nd period - Sidney Crosby wins face-off versus Paul Byron in Sabres zone.
4:23 of 2nd period - Paul Byron is hit by Nikita Zadorov and loses puck.
4:30 of 2nd period - Penalty to Ryan Johansen is over, Ryan Johansen is back on ice.
5:45 of 2nd period - Brad Boyes is hit by Chris Higgins and loses puck.
5:58 of 2nd period - Calvin de Haan is hit by Chris Higgins and loses puck.
6:05 of 2nd period - Slapshot by Simon Despres.
6:05 of 2nd period - Deflect By Chris Higgins.
6:05 of 2nd period - Stopped by Ondrej Pavelec without a rebound.
6:06 of 2nd period - Kevin Hayes wins face-off versus Vernon Fiddler in Sabres zone.
6:17 of 2nd period - Penalty to Jay Bouwmeester is over, Jay Bouwmeester is back on ice.
6:31 of 2nd period - Slapshot by Alex Pietrangelo.
6:31 of 2nd period - Shot Blocked by Robert Bortuzzo.
7:26 of 2nd period - Brooks Orpik is hit by Brad Boyes and loses puck.
7:47 of 2nd period - Ryan Johansen is hit by Ryan Kesler and loses puck.
7:54 of 2nd period - Snap shot by David Perron.
7:54 of 2nd period - Shot Misses the Net.
8:04 of 2nd period - Slapshot by David Perron.
8:04 of 2nd period - Shot Blocked by Adam Larsson.
8:06 of 2nd period - Slapshot by Matt Bartkowski.
8:06 of 2nd period - Shot Misses the Net.
8:10 of 2nd period - Wrist shot by David Perron.
8:10 of 2nd period - Deflect By Ryan Kesler.
8:10 of 2nd period - Shot Hit the Post.
8:10 of 2nd period - Puck is out of play.
8:11 of 2nd period - Kevin Hayes wins face-off versus Boyd Gordon in Panthers zone.
8:26 of 2nd period - Simon Despres is hit by Trevor Gillies and loses puck.
8:45 of 2nd period - Slapshot by Alex Pietrangelo.
8:45 of 2nd period - Shot Blocked by Ron Hainsey.
9:15 of 2nd period - Calvin de Haan is hit by Jay Bouwmeester and loses puck.
9:40 of 2nd period - Calvin de Haan is hit by Matt Bartkowski and loses puck.
9:57 of 2nd period - Slapshot by Ryan Kesler.
9:57 of 2nd period - Stopped by Kevin Poulin with a rebound.
10:14 of 2nd period - Ryan Kesler is hit by Adam Larsson and loses puck.
10:31 of 2nd period - Brooks Orpik is hit by Lubomir Visnovsky and loses puck.
10:36 of 2nd period - Snap shot by Ryan Johansen.
10:36 of 2nd period - Shot Blocked by Alex Pietrangelo.
10:50 of 2nd period - Ryan Johansen is hit by Steven Stamkos and loses puck.
11:13 of 2nd period - Wrist shot by Brad Boyes.
11:13 of 2nd period - Stopped by Ondrej Pavelec without a rebound.
11:14 of 2nd period - Boyd Gordon wins face-off versus Charlie Coyle in Sabres zone.
11:50 of 2nd period - Snap shot by Paul Byron.
11:50 of 2nd period - Stopped by Ondrej Pavelec with a rebound.
12:37 of 2nd period - Off-side.
12:38 of 2nd period - Ryan Kesler wins face-off versus Kevin Hayes in neutral zone.
13:29 of 2nd period - Charlie Coyle is hit by Sidney Crosby and loses puck.
14:36 of 2nd period - Snap shot by Ryan Johansen.
14:36 of 2nd period - Shot Misses the Net.
14:38 of 2nd period - Snap shot by Ryan Johansen.
14:38 of 2nd period - Shot Blocked by Rasmus Ristolainen.
14:58 of 2nd period - Slapshot by Lubomir Visnovsky.
14:58 of 2nd period - Shot Blocked by Vernon Fiddler.
15:21 of 2nd period - Slapshot by Chris Higgins.
15:21 of 2nd period - Shot Misses the Net.
15:23 of 2nd period - Snap shot by Dwight King.
15:23 of 2nd period - Goal by Dwight King - Panthers : 1 - Sabres : 2.
15:24 of 2nd period - Sidney Crosby wins face-off versus Charlie Coyle in neutral zone.
15:35 of 2nd period - Slapshot by Gustav Nyquist.
15:35 of 2nd period - Stopped by Kevin Poulin without a rebound.
15:36 of 2nd period - Steven Stamkos wins face-off versus Charlie Coyle in Panthers zone.
16:14 of 2nd period - Minor Penalty to Ron Hainsey for Cross-checking.
16:15 of 2nd period - Ryan Kesler wins face-off versus Kevin Hayes in Panthers zone.
17:08 of 2nd period - Icing by Sidney Crosby.
17:09 of 2nd period - Brad Boyes wins face-off versus Sidney Crosby in Sabres zone.
17:22 of 2nd period - Snap shot by Brad Boyes.
17:22 of 2nd period - Deflect By Sean Bergenheim.
17:22 of 2nd period - Shot Misses the Net.
17:22 of 2nd period - Puck is out of play.
17:23 of 2nd period - Ryan Kesler wins face-off versus Sean Bergenheim in Sabres zone.
18:06 of 2nd period - Snap shot by Sidney Crosby.
18:06 of 2nd period - Goal by Sidney Crosby - Panthers : 1 - Sabres : 3.
18:07 of 2nd period - Ryan Johansen wins face-off versus Chris Higgins in neutral zone.
18:10 of 2nd period - Vernon Fiddler is hit by Simon Despres and loses puck.
19:14 of 2nd period - Snap shot by Charlie Coyle.
19:14 of 2nd period - Shot Misses the Net.
19:16 of 2nd period - Slapshot by Jakob Silfverberg.
19:16 of 2nd period - Shot Misses the Net.
19:18 of 2nd period - Snap shot by Jakob Silfverberg.
19:18 of 2nd period - Stopped by Ondrej Pavelec with a rebound.
19:20 of 2nd period - Wrist shot by Adam Larsson.
19:20 of 2nd period - Shot Blocked by Rasmus Ristolainen.
Goals for this period are 0 for Panthers vs 2 for Sabres.
Shots for this period are 7 for Panthers vs 5 for Sabres.

3rd period


0:01 of 3rd period - Ryan Johansen wins face-off versus Sidney Crosby in neutral zone.
0:57 of 3rd period - Slapshot by David Perron.
0:57 of 3rd period - Stopped by Kevin Poulin without a rebound.
0:58 of 3rd period - Ryan Kesler wins face-off versus Charlie Coyle in Panthers zone.
1:38 of 3rd period - Wrist shot by Dwight King.
1:38 of 3rd period - Stopped by Kevin Poulin without a rebound.
1:39 of 3rd period - Vernon Fiddler wins face-off versus Kevin Hayes in Panthers zone.
2:07 of 3rd period - Slapshot by Paul Byron.
2:07 of 3rd period - Shot Blocked by Nikita Zadorov.
2:09 of 3rd period - Slapshot by Adam Larsson.
2:09 of 3rd period - Stopped by Ondrej Pavelec without a rebound.
2:10 of 3rd period - Sidney Crosby wins face-off versus Curtis Lazar in Sabres zone.
2:23 of 3rd period - Wrist shot by Gustav Nyquist.
2:23 of 3rd period - Deflect By Sean Bergenheim.
2:23 of 3rd period - Shot Misses the Net.
2:23 of 3rd period - Puck is out of play.
2:24 of 3rd period - Sidney Crosby wins face-off versus Curtis Lazar in Panthers zone.
2:33 of 3rd period - Snap shot by Sidney Crosby.
2:33 of 3rd period - Shot Misses the Net.
2:35 of 3rd period - Slapshot by Brooks Orpik.
2:35 of 3rd period - Stopped by Kevin Poulin with a rebound.
2:37 of 3rd period - Wrist shot by Steven Stamkos.
2:37 of 3rd period - Shot Misses the Net.
3:03 of 3rd period - Minor Penalty to Simon Despres for Hooking.
3:04 of 3rd period - Ryan Kesler wins face-off versus Kevin Hayes in Panthers zone.
3:53 of 3rd period - Robert Bortuzzo is hit by Steven Stamkos.
4:09 of 3rd period - Icing by Rasmus Ristolainen.
4:10 of 3rd period - Kevin Hayes wins face-off versus Sidney Crosby in Sabres zone.
4:13 of 3rd period - Snap shot by Kevin Hayes.
4:13 of 3rd period - Stopped by Ondrej Pavelec with a rebound.
4:31 of 3rd period - Wrist shot by David Perron.
4:31 of 3rd period - Shot Blocked by Ron Hainsey.
4:51 of 3rd period - Icing by Sidney Crosby.
4:52 of 3rd period - Sidney Crosby wins face-off versus Kevin Hayes in Sabres zone.
5:03 of 3rd period - Penalty to Simon Despres is over, Simon Despres is back on ice.
5:12 of 3rd period - Wrist shot by Chris Higgins.
5:12 of 3rd period - Stopped by Kevin Poulin with a rebound.
5:38 of 3rd period - Dwight King is hit by Robert Bortuzzo and loses puck.
6:25 of 3rd period - Snap shot by Boyd Gordon.
6:25 of 3rd period - Shot Misses the Net.
6:31 of 3rd period - Minor Penalty to Charlie Coyle for Slashing.
6:32 of 3rd period - Ryan Kesler wins face-off versus Kevin Hayes in Panthers zone.
6:43 of 3rd period - Wrist shot by Ryan Kesler.
6:43 of 3rd period - Goal by Ryan Kesler - Panthers : 1 - Sabres : 4.
6:44 of 3rd period - Ryan Johansen wins face-off versus Sidney Crosby in neutral zone.
6:53 of 3rd period - Snap shot by Alex Galchenyuk.
6:53 of 3rd period - Stopped by Ondrej Pavelec with a rebound.
7:23 of 3rd period - Minor Penalty to Steven Stamkos for Hooking.
7:24 of 3rd period - Charlie Coyle wins face-off versus Vernon Fiddler in Sabres zone.
7:29 of 3rd period - Snap shot by Brad Boyes.
7:29 of 3rd period - Deflect By Charlie Coyle.
7:29 of 3rd period - Shot Misses the Net.
7:29 of 3rd period - Puck is out of play.
7:30 of 3rd period - Vernon Fiddler wins face-off versus Charlie Coyle in Sabres zone.
7:39 of 3rd period - Boyd Gordon is hit by Ron Hainsey and loses puck.
8:00 of 3rd period - Snap shot by Charlie Coyle.
8:00 of 3rd period - Stopped by Ondrej Pavelec with a rebound.
8:02 of 3rd period - Wrist shot by Paul Byron.
8:02 of 3rd period - Shot Misses the Net.
8:04 of 3rd period - Snap shot by Brad Boyes.
8:04 of 3rd period - Stopped by Ondrej Pavelec with a rebound.
8:06 of 3rd period - Wrist shot by Brad Boyes.
8:06 of 3rd period - Stopped by Ondrej Pavelec without a rebound.
8:07 of 3rd period - Vernon Fiddler wins face-off versus Kevin Hayes in Sabres zone.
8:53 of 3rd period - Off-side.
8:54 of 3rd period - Charlie Coyle wins face-off versus Chris Higgins in neutral zone.
9:17 of 3rd period - Off-side.
9:18 of 3rd period - Vernon Fiddler wins face-off versus Kevin Hayes in neutral zone.
9:20 of 3rd period - Off-side.
9:21 of 3rd period - Vernon Fiddler wins face-off versus Ryan Johansen in neutral zone.
9:23 of 3rd period - Penalty to Steven Stamkos is over, Steven Stamkos is back on ice.
9:40 of 3rd period - Wrist shot by Steven Stamkos.
9:40 of 3rd period - Shot Blocked by Ron Hainsey.
9:50 of 3rd period - Minor Penalty to Robert Bortuzzo for Hooking.
9:51 of 3rd period - Kevin Hayes wins face-off versus Sidney Crosby in Panthers zone.
10:21 of 3rd period - Snap shot by Sidney Crosby.
10:21 of 3rd period - Shot Misses the Net.
10:45 of 3rd period - Wrist shot by Gustav Nyquist.
10:45 of 3rd period - Shot Blocked by Kevin Hayes.
10:47 of 3rd period - Snap shot by Alex Pietrangelo.
10:47 of 3rd period - Shot Misses the Net.
10:49 of 3rd period - Slapshot by Alex Pietrangelo.
10:49 of 3rd period - Deflect By Calvin de Haan.
10:49 of 3rd period - Stopped by Kevin Poulin with a rebound.
10:51 of 3rd period - Snap shot by Ryan Kesler.
10:51 of 3rd period - Shot Blocked by Ron Hainsey.
10:53 of 3rd period - Slapshot by Nikita Zadorov.
10:53 of 3rd period - Stopped by Kevin Poulin without a rebound.
10:53 of 3rd period - Minor Penalty to Kevin Poulin for Delaying the game.
10:54 of 3rd period - Ryan Kesler wins face-off versus Kevin Hayes in Panthers zone.
11:11 of 3rd period - Slapshot by Gustav Nyquist.
11:11 of 3rd period - Stopped by Kevin Poulin without a rebound.
11:12 of 3rd period - Ryan Kesler wins face-off versus Kevin Hayes in Panthers zone.
11:50 of 3rd period - Penalty to Robert Bortuzzo is over, Robert Bortuzzo is back on ice.
12:16 of 3rd period - Simon Despres is hit by Alex Pietrangelo and loses puck.
12:53 of 3rd period - Penalty to Paul Byron is over, Paul Byron is back on ice.
13:48 of 3rd period - Snap shot by Dwight King.
13:48 of 3rd period - Shot Misses the Net.
13:58 of 3rd period - Slapshot by Nikita Zadorov.
13:58 of 3rd period - Shot Misses the Net.
14:06 of 3rd period - Wrist shot by Boyd Gordon.
14:06 of 3rd period - Stopped by Kevin Poulin without a rebound.
14:07 of 3rd period - Charlie Coyle wins face-off versus Jack Skille in Panthers zone.
14:30 of 3rd period - Snap shot by Jack Skille.
14:30 of 3rd period - Deflect By Boyd Gordon.
14:30 of 3rd period - Stopped by Kevin Poulin without a rebound.
14:31 of 3rd period - Ryan Kesler wins face-off versus Kevin Hayes in Panthers zone.
14:52 of 3rd period - Snap shot by Benoit Pouliot.
14:52 of 3rd period - Shot Misses the Net.
14:54 of 3rd period - Wrist shot by Benoit Pouliot.
14:54 of 3rd period - Shot Blocked by Adam Larsson.
14:56 of 3rd period - Wrist shot by Alex Pietrangelo.
14:56 of 3rd period - Goal by Alex Pietrangelo - Panthers : 1 - Sabres : 5.
14:57 of 3rd period - Sidney Crosby wins face-off versus Charlie Coyle in neutral zone.
15:08 of 3rd period - Slapshot by Sidney Crosby.
15:08 of 3rd period - Stopped by Kevin Poulin without a rebound.
15:09 of 3rd period - Charlie Coyle wins face-off versus Steven Stamkos in Panthers zone.
15:09 of 3rd period - Charlie Coyle is hit by Rasmus Ristolainen.
15:31 of 3rd period - Wrist shot by Gustav Nyquist.
15:31 of 3rd period - Goal by Gustav Nyquist - Panthers : 1 - Sabres : 6.
15:32 of 3rd period - Ryan Kesler wins face-off versus Alex Galchenyuk in neutral zone.
15:35 of 3rd period - Snap shot by Benoit Pouliot.
15:35 of 3rd period - Stopped by Kevin Poulin without a rebound.
15:36 of 3rd period - Ryan Johansen wins face-off versus Ryan Kesler in Panthers zone.
16:06 of 3rd period - Snap shot by Alex Galchenyuk.
16:06 of 3rd period - Shot Misses the Net.
17:17 of 3rd period - Sidney Crosby is hit by Adam Larsson and loses puck.
17:44 of 3rd period - Snap shot by Dwight King.
17:44 of 3rd period - Deflect By Chris Higgins.
17:44 of 3rd period - Shot Blocked by Adam Larsson.
17:44 of 3rd period - Puck is out of play.
17:45 of 3rd period - Curtis Lazar wins face-off versus Boyd Gordon in Panthers zone.
17:45 of 3rd period - Curtis Lazar is hit by Trevor Gillies.
17:51 of 3rd period - Wrist shot by Ryan Johansen.
17:51 of 3rd period - Stopped by Ondrej Pavelec with a rebound.
18:37 of 3rd period - Matt Bartkowski beats up Robert Bortuzzo.
18:37 of 3rd period - Penalty to Matt Bartkowski for Fighting.
18:37 of 3rd period - Penalty to Robert Bortuzzo for Fighting.
18:38 of 3rd period - Charlie Coyle wins face-off versus Ryan Kesler in Panthers zone.
18:55 of 3rd period - Wrist shot by Jakob Silfverberg.
18:55 of 3rd period - Shot Blocked by Benoit Pouliot.
19:07 of 3rd period - Wrist shot by Ryan Kesler.
19:07 of 3rd period - Stopped by Kevin Poulin with a rebound.
19:30 of 3rd period - Simon Despres is hit by Steven Stamkos and loses puck.
19:39 of 3rd period - Slapshot by Sidney Crosby.
19:39 of 3rd period - Shot Blocked by Simon Despres.
19:47 of 3rd period - Backhand shot by Sidney Crosby.
19:47 of 3rd period - Shot Misses the Net.
Goals for this period are 0 for Panthers vs 3 for Sabres.
Shots for this period are 7 for Panthers vs 15 for Sabres.